 Dungeon Crawl Stone Soup version 0.23.2-30-g0e89c35649 (webtiles) character file.

Game seed: 851581292857330541

2102 KamiKatze the Cleaver (level 9, -2/59 HPs)
             Began as a Gargoyle Berserker on June 11, 2019.
             Was an Elder of Trog.
             Slain by a wight
             ... wielding a +4 halberd
              (4 damage)
             ... while paralysed
             ... on level 7 of the Dungeon.
             The game lasted 00:20:18 (5280 turns).

KamiKatze the Cleaver (Gargoyle Berserker)          Turns: 5280, Time: 00:20:18

Health: -2/59      AC: 17    Str: 24    XL:     9   Next: 28%
Magic:  9/9        EV:  2    Int:  7    God:    Trog [****..]
Gold:   278        SH:  0    Dex: 10    Spells: 8/8 levels left

rFire    + + .     SeeInvis .   a - +0 hand axe
rCold    + . .     Gourm    .   (no shield)
rNeg     + . .     Faith    .   s - +1 ring mail {rF+}
rPois    ∞         Spirit   .   b - +0 helmet
rElec    +         Reflect  +   x - scarf {rC+ rF+}
rCorr    .         Harm     .   (no gloves)
MR       ++...                  d - +2 pair of boots
Stlth    ..........             y - +2 amulet of reflection
HPRegen  1.19/turn              (no ring)
MPRegen  0.11/turn              (no ring)

@: paralysed, berserk cooldown, fainting, regenerating, slowed
A: negative energy resistance 1, electricity resistance, unbreathing,
petrification resistance, rot immunity, AC +6
a: Berserk, Trog's Hand, Brothers in Arms, Renounce Religion


You were on level 7 of the Dungeon.
You worshipped Trog.
Trog was greatly pleased with you.
You were fainting.

You visited 1 branch of the dungeon, and saw 7 of its levels.

You collected 278 gold pieces.

Inventory:

Hand Weapons
 a - a +0 hand axe (weapon)
 j - a +0 hunting sling
Missiles
 k - 151 stones (quivered)
 n - 20 sling bullets
 o - a throwing net
Armour
 b - a +0 helmet (worn)
 d - a +2 pair of boots (worn)
 s - a +1 ring mail of fire resistance (worn)
 v - a +0 chain mail
 x - a scarf of resistance (worn)
Jewellery
 y - a +2 amulet of reflection (around neck)
Scrolls
 e - 4 scrolls of remove curse
 f - 2 scrolls of enchant weapon {unknown}
 g - 3 scrolls of identify
 h - 2 scrolls of teleportation
 i - 2 scrolls of enchant armour {unknown}
 l - 2 scrolls of fear {unknown}
 t - a scroll of amnesia {unknown}
 w - a scroll of noise {unknown}
 z - a scroll of brand weapon {unknown}
Potions
 m - 3 potions of heal wounds
 p - a potion of agility
 q - 2 potions of might
 r - 2 potions of curing
 u - 3 potions of berserk rage
Comestibles
 c - 7 rations
 A - 2 chunks of flesh


   Skills:
 + Level 8.2 Fighting
 * Level 9.4 Axes
 - Level 2.1 Armour
 - Level 1.5 Dodging


You had 8 spell levels left.
You didn't know any spells.
Your spell library was empty.

Dungeon Overview and Level Annotations

Branches:
Dungeon (7/15)
 Temple: D:4-7

Altars:
Dithmenos
Fedhas
Hepliaklqana
Makhleb
Nemelex Xobeh
Okawaru
Xom


Innate Abilities, Weirdness & Mutations

You are resistant to torment.
Your stone body is resilient. (AC +6)
You are immune to poison.
You resist negative energy. (rN+)
You are resistant to electric shocks. (rElec)
You can survive without breathing.
You are immune to petrification.
You are immune to rotting.


Message History

You closely miss the wight. You block something's attack.
The wight hits you from afar with a +4 halberd.
* * * LOW HITPOINT WARNING * * *
You block the wight's attack.
The ice beast hits you but does no damage.
You lose consciousness!
Something hits you but does no damage. Something hits you but does no damage.
The ice beast hits you but does no damage.
The wight hits you from afar with a +4 halberd.
* * * LOW HITPOINT WARNING * * *
Something hits you but does no damage.
The ice beast hits you but does no damage.
The wight hits you but does no damage. Something hits you but does no damage.
The ice beast hits you.
* * * LOW HITPOINT WARNING * * *
The ice beast freezes you. You resist.
* * * LOW HITPOINT WARNING * * *
The wight hits you from afar with a +4 halberd.
You die...

#.........
##.....#... ..
......... ...
#.......
...##....#.#
.........#.# #
#.......z#.#.#
#.......z÷@..##
......†.†#Yz......
#.....†..........#
#.####...#...###.#
...>.....# #
..........##
.........#..#
.<.......#....
###.#.#.###.###


You could see an ice beast and 3 wights.

Vanquished Creatures
  A hippogriff (D:7)
  Sigmund (D:4)
  Duvessa (D:4)
  An orc warrior (D:6)
  A black bear (D:6)
  A sky beast (D:6)
  3 ogres
  A centaur (D:6)
  Dowan (D:4)
  A wyvern skeleton (D:6)
  7 howler monkeys
  A crimson imp (D:7)
  2 bullfrog zombies
  A centaur zombie (D:6)
  2 hounds (D:7)
  An orc priest (D:6)
  A jelly (D:6)
  4 iguanas
  4 worker ants
  A hound zombie (D:6)
  A worker ant zombie (D:7)
  A gnoll (D:1)
  7 adders
  A shadow imp (D:6)
  An adder skeleton (D:5)
  A worm (D:3)
  4 dart slugs
  4 leopard geckos
  16 orcs
  2 giant cockroaches
  10 goblins
  7 hobgoblins
  11 jackals
  7 quokkas
  4 ball pythons
  14 bats
  5 frilled lizards
  4 kobolds
  8 rats
144 creatures vanquished.

Notes
Turn   | Place    | Note
-------+----------+-------------------------------------------
     0 | D:1      | KamiKatze the Gargoyle Berserker began the quest for the
                  | Orb.
     0 | D:1      | Reached XP level 1. HP: 14/14 MP: 1/1
    94 | D:1      | Reached skill level 3 in Axes
    95 | D:1      | Reached XP level 2. HP: 6/19 MP: 2/2
   403 | D:1      | Reached XP level 3. HP: 21/24 MP: 3/3
   665 | D:1      | Reached ** piety under Trog
  1210 | D:2      | Reached XP level 4. HP: 29/29 MP: 4/4
  1235 | D:2      | Reached skill level 4 in Axes
  1242 | D:2      | Found a blossoming altar of Fedhas.
  1616 | D:2      | Reached XP level 5. HP: 24/34 MP: 5/5
  1889 | D:3      | Reached *** piety under Trog
  3186 | D:4      | Noticed Sigmund
  3192 | D:4      | Killed Sigmund
  3192 | D:4      | Reached skill level 5 in Fighting
  3192 | D:4      | Reached skill level 5 in Axes
  3192 | D:4      | Reached XP level 6. HP: 40/40 MP: 6/6
  3443 | D:4      | Noticed Dowan
  3444 | D:4      | Noticed Duvessa
  3457 | D:4      | Killed Duvessa
  3457 | D:4      | Reached skill level 6 in Axes
  3457 | D:4      | Reached XP level 7. HP: 42/44 MP: 7/7
  3461 | D:4      | Killed Dowan
  3659 | D:5      | Entered Level 5 of the Dungeon
  3659 | D:5      | Found a shadowy altar of Dithmenos.
  3659 | D:5      | Found a burning altar of Makhleb.
  3659 | D:5      | Found an iron altar of Okawaru.
  3660 | D:5      | Found a sparkling altar of Nemelex Xobeh.
  3661 | D:5      | Found a shimmering altar of Xom.
  3713 | D:5      | Found a hazy altar of Hepliaklqana.
  4317 | D:6      | Reached skill level 7 in Axes
  4388 | D:6      | Reached XP level 8. HP: 11/52 MP: 8/8
  4620 | D:6      | Reached **** piety under Trog
  4683 | D:6      | Reached skill level 8 in Axes
  4752 | D:6      | Paralysed by a centaur for 3 turns
  5227 | D:7      | Noticed a hippogriff
  5228 | D:7      | Reached XP level 9. HP: 45/58 MP: 9/9
  5234 | D:7      | Reached skill level 9 in Axes
  5276 | D:7      | Paralysed by fainting for 10 turns
  5280 | D:7      | HP: 2/59 [ice beast (6)]
  5280 | D:7      | Slain by a wight

Skill      XL: |  1  2  3  4  5  6  7  8  9 |
---------------+----------------------------+-----
Axes           | 3 4 5 6 7 8 9 |  9.4
Fighting       | 4 5 6 7 8 |  8.2
Armour         | |  2.1
Dodging        | |  1.5

Action                   |  1- 3 |  4- 6 |  7- 9 || total
-------------------------+-------+-------+-------++-------
Melee: Hand axe          |   128 |   226 |   235 ||   589
 Fire: Hunting sling     |       |       |     8 ||     8
Invok: Berserk           |     1 |     2 |     3 ||     6
       Trog's Hand       |       |     1 |     1 ||     2
  Use: Scroll            |       |     8 |     2 ||    10
  Eat: Chunk             |     2 |     9 |     8 ||    19
Armor: Ring mail         |    85 |   100 |   168 ||   353
Dodge: Dodged            |   106 |   148 |   138 ||   392
Block: Other             |       |       |    13 ||    13
